 Dungeon Crawl Stone Soup version 0.26-a0-854-gdc81c2f471 (webtiles) character file.

Game seed: 8627728700633697415

25 sirboomalot the Skirmisher (level 2, -1/24 HPs)
             Began as a Demonspawn Fighter on Nov 24, 2020.
             Slain by a bullfrog zombie (2 damage)
             ... on level 2 of the Dungeon.
             The game lasted 00:03:11 (776 turns).

sirboomalot the Skirmisher (Demonspawn Fighter)      Turns: 776, Time: 00:03:12

Health: -1/24      AC:  8    Str: 16    XL:     2   Next: 82%
Magic:  2/2        EV:  6    Int:  9    God:
Gold:   80         SH:  9    Dex: 18    Spells: 1/1 levels left

rFire    . . .     SeeInvis .   a - +0 war axe
rCold    . . .     Faith    .   c - +0 kite shield
rNeg     . . .     Spirit   .   b - +0 scale mail
rPois    .         Reflect  .   (helmet restricted)
rElec    .         Harm     .   (no cloak)
rCorr    .         Rampage  .   j - +1 pair of gloves
MR       .....                  (no boots)
Stlth    ..........             (no amulet)
HPRegen  0.08/turn              h - +4 ring of slaying
MPRegen  0.08/turn              l - +6 ring of dexterity

@: mighty
A: antennae 1
a: no special abilities


You were on level 2 of the Dungeon.
You visited 1 branch of the dungeon, and saw 2 of its levels.

You collected 80 gold pieces.

Inventory:

Hand Weapons
 a - a +0 war axe (weapon)
Armour
 b - a +0 scale mail (worn)
 c - a +0 kite shield (worn)
 j - a +1 pair of gloves (worn)
Jewellery
 h - a +4 ring of slaying (left hand)
 l - a +6 ring of dexterity (right hand)
Scrolls
 f - a scroll of enchant weapon
 i - a scroll of teleportation
 k - 3 scrolls of enchant armour
 m - a scroll of remove curse
Potions
 g - a potion of flight


   Skills:
 + Level 3.3 Fighting
 + Level 2.1 Axes
 + Level 2.9 Armour
 + Level 0.1 Dodging
 + Level 2.9 Shields


You had one spell level left.
You didn't know any spells.
Your spell library was empty.

Dungeon Overview and Level Annotations

Branches:
Dungeon (2/15)

Altars:

Annotations:
D:2 Natasha


Innate Abilities, Weirdness & Mutations

You have a pair of small antennae on your head.


Message History

You are too injured to fight recklessly!
You are too injured to fight recklessly!
You are too injured to fight recklessly!
You are too injured to fight recklessly!
You closely miss Natasha.
Natasha is moderately wounded.
You hit the bullfrog zombie. The bullfrog zombie hits you.
* * * LOW HITPOINT WARNING * * *
Natasha casts a spell.
You block the bullfrog zombie's attack. Natasha claws you but does no damage.
You closely miss Natasha.
Natasha is moderately wounded.
You hit the bullfrog zombie. You block the bullfrog zombie's attack.
The bullfrog zombie hits you.
* * * LOW HITPOINT WARNING * * *
Natasha claws you.
* * * LOW HITPOINT WARNING * * *
You feel very mighty all of a sudden. The bullfrog zombie hits you.
You die...

#... .. ..# ##.
##... .. #......#
#.#.#..# #.#.#..# .
####.#.h5#
...####.....@Z##
...........#...#
....#.<.....!#.....
...........#....#...
...####.###...### ..
. #.. ...... # ###
#....>. #.###### #.#


You could see Natasha, a white imp (summoned) and a bullfrog zombie.

Vanquished Creatures
  A dart slug (D:1)
  5 bats (D:1)
  A giant cockroach (D:1)
  2 goblins (D:1)
  3 hobgoblins (D:1)
  A frilled lizard (D:1)
  6 kobolds (D:1)
  4 rats (D:1)
23 creatures vanquished.

Notes
Turn   | Place    | Note
-------+----------+-------------------------------------------
     0 | D:1      | sirboomalot the Demonspawn Fighter began the quest for the
                  | Orb.
     0 | D:1      | Reached XP level 1. HP: 18/18 MP: 1/1
   222 | D:1      | Gained mutation: You have a pair of small antennae on your
                  | head. [demonic ancestry]
   222 | D:1      | Reached XP level 2. HP: 22/24 MP: 2/2
   767 | D:2      | Noticed Natasha
   775 | D:2      | HP: 1/24 [Natasha (2)]
   776 | D:2      | Slain by a bullfrog zombie

Illustrated notes

Levels and vault maps discovered:
D:1:      minmay_arrival_wavy_path, layout_basic
D:2:      layout_loops_cross, uniq_sigmund, uniq_natasha, uniq_jessica

Skill      XL: |  1  2 |
---------------+-------+-----
Axes           | 2 |  2.1
Fighting       | |  3.3
Armour         | |  2.9
Dodging        | |  0.1
Shields        | |  2.9

Action                   || total
-------------------------++-------
Melee: War axe           ||    57
  Use: Scroll            ||     5
       Potion            ||     1
Armor: Scale mail        ||    39
Dodge: Dodged            ||    18
Block: Kite shield       ||    36

Table legend: (Time is in decaauts)
 A = Elapsed time spent in this place.
 B = Non-inter-level travel time spent in this place.
 C = Inter-level travel time spent in this place.
 D = Time resting spent in this place.
 E = Time spent auto-exploring this place.
 F = Levels seen in this place.
 G = Mean time per level.
                   A        B        C        D        E       F      G
               +--------+--------+--------+--------+--------+-----+--------+
         Total |    802 |    772 |     30 |      0 |    625 |   2 |  401.0 |
       Dungeon |    802 |    772 |     30 |      0 |    625 |   2 |  401.0 |
               +--------+--------+--------+--------+--------+-----+--------+

Top non-repeatable levels by time:
     D:1: 784 daAuts
     D:2: 17 daAuts
